Map: Lerilak Crest

Players

Shura (Scarlett) - Winner!

  • Race: Zerg Zerg
  • League: Grandmaster

lIIlllllIIII (HuK)

  • Race: Protoss Protoss
  • League: Grandmaster

Event: Team Gravity's Fight Night #39

VOD

Have the link to the VOD?

Description

Time

  • Played on: Nov. 20, 2015, 10:08 p.m.
  • Length: 14:12

All games in this series

Show
View Real Time Build Order
Export as new Build Order

Shura Zerg - Winner!

Build Orders: Hatch First 

Get SALT Encoding   

  12  0:01  Drone  
  13  0:12  Overlord  
  13  0:17  Drone  
  14  0:31  Drone x2  
  14  0:35  Drone  
  17  0:45  Drone  
  18  0:56  Hatchery  
  17  0:58  Drone  
  17  1:03  Extractor  
  17  1:12  Spawning Pool  
  16  1:21  Drone x2  
  18  1:29  Drone  
  19  1:39  Overlord  
  19  1:59  Zergling x2, Queen  
  23  2:01  Zergling x2  
  23  2:04  Metabolic Boost  
  23  2:08  Queen  
  23  2:09  Drone  
  26  2:16  Drone  
  26  2:22  Drone x2  
  29  2:30  Drone  
  29  2:33  Overlord  
  29  2:34  Queen  
  32  2:44  Drone  
  32  2:45  Drone  
  34  2:55  Drone x2  
  36  2:59  Hatchery  
  35  3:05  Drone  
  35  3:06  Drone  
  35  3:08  Drone x2  
  35  3:09  Drone  
  40  3:16  Drone x3  
  43  3:20  Overlord  
  43  3:23  Drone  
  43  3:26  Overlord  
  44  3:33  Lair  
  44  3:38  Overlord, Extractor  
  44  3:39  Drone  
  44  3:40  Drone  
  45  3:42  Drone  
  45  3:46  Drone x2  
  45  3:48  Drone  
  49  3:51  Drone x2  
  51  3:57  Queen  
  51  4:02  Drone x3  
  57  4:10  Zergling x4  
  58  4:18  Drone  
  58  4:19  Drone x3, Overlord  
  58  4:22  Drone  
  58  4:23  Drone x2  
  65  4:25  Evolution Chamber  
  65  4:26  Evolution Chamber  
  65  4:29  Zergling x4  
  65  4:34  Extractor  
  65  4:38  Hydralisk Den  
  63  4:41  Zergling x6  
  63  4:42  Queen  
  63  4:43  Queen  
  69  4:49  Overlord  
  69  4:50  Zergling x6  
  73  5:04  Zerg Missile Weapons Level 1  
  73  5:10  Hydralisk  
  73  5:11  Hydralisk, Muscular Augments  
  77  5:15  Overseer  
  77  5:20  Drone x13  
  90  5:24  Extractor  
  90  5:25  Evolution Chamber  
  90  5:26  Extractor x2  
  86  5:34  Overlord  
  86  5:44  Overlord, Drone  
  86  5:45  Drone x3, Overlord x2  
  90  5:52  Overlord x2, Infestation Pit  
  90  5:54  Hatchery  
  87  6:01  Overlord x2  
  87  6:03  Overseer  
  87  6:04  Overseer  
  87  6:11  Hydralisk x2  
  87  6:12  Hydralisk x3  
  97  6:18  Hydralisk  
  97  6:19  Hydralisk x2  
  97  6:22  Drone  
  97  6:23  Drone x3, Overseer  
  107  6:28  Spine Crawler  
  106  6:45  Drone x9  
  115  6:47  Zerg Ground Armor Level 1  
  115  6:49  Hive  
  115  7:01  Hydralisk  
  115  7:02  Hydralisk x3  
  115  7:06  Extractor  
  122  7:11  Extractor  
  121  7:21  Hydralisk x7  
  121  7:22  Zergling x14  
  142  7:30  Hydralisk  
  142  7:31  Hydralisk x2  
  148  7:38  Hydralisk  
  148  7:39  Zergling x2  
  148  7:40  Zergling x6  
  154  7:46  Hydralisk x2  
  154  7:47  Zergling x2  
  154  7:48  Overlord x2  
  127  8:06  Hydralisk x2  
  127  8:07  Hydralisk x3, Zergling x2  
  125  8:15  Hydralisk x4  
  125  8:16  Zergling x10  
  125  8:18  Queen  
  125  8:19  Queen x3  
  141  8:28  Drone x9  
  150  8:42  Zergling x4  
  150  8:45  Hatchery  
  151  8:58  Overlord, Adrenal Glands  
  151  9:00  Ultralisk Cavern  
  151  9:01  Drone x3  
  153  9:03  Drone  
  153  9:04  Drone, Zerg Ground Armor Level 2  
  153  9:05  Zerg Missile Weapons Level 2  
  155  9:10  Drone x3  
  155  9:11  Drone x5  
  163  9:21  Overlord  
  163  9:22  Overlord x2  
  162  9:32  Extractor  
  162  9:34  Evolution Chamber  
  162  9:36  Extractor  
  158  9:46  Chitinous Plating  
  158  9:49  Ultralisk x4  
  182  9:59  Ultralisk  
  189  10:00  Zergling x20  
  198  10:17  Spine Crawler, Overseer  
  198  10:18  Spine Crawler  
  198  10:19  Zerg Melee Weapons Level 1  
  191  10:33  Ultralisk, Hydralisk x2, Zergling x2  
  191  10:35  Hydralisk  
  200  11:01  Spine Crawler  
  199  11:13  Hatchery  
  190  11:34  Hydralisk x4  
  196  11:51  Overlord x3  
  196  11:52  Overseer x2  
  196  11:53  Pneumatized Carapace  
  196  11:54  Overseer  
  167  12:23  Extractor  
  167  12:25  Ultralisk  
  167  12:26  Ultralisk x7, Extractor  
  189  12:31  Hydralisk x5  
  178  12:39  Hydralisk x8  
  178  12:40  Hydralisk x6  
  178  12:42  Zergling x10  
  178  12:43  Zergling x6  
  190  12:56  Zergling x6  
  190  12:57  Zergling x14  
  199  13:23  Zergling x2  
  200  13:29  Spine Crawler x2  
  200  13:30  Spore Crawler  
Show
View Real Time Build Order
Export as new Build Order

lIIlllllIIII Protoss 

Build Orders: 1 Gate Expand 

Get SALT Encoding   

  12  0:01  Probe (Chrono Boost)  
  13  0:11  Probe (Chrono Boost)  
  14  0:18  Pylon  
  14  0:22  Probe (Chrono Boost)  
  15  0:36  Probe (Chrono Boost)  
  15  0:37  Gateway  
  15  0:41  Assimilator  
  16  0:47  Probe (Chrono Boost)  
  17  0:57  Probe (Chrono Boost)  
  18  1:08  Probe (Chrono Boost)  
  20  1:18  Probe (Chrono Boost)  
  20  1:26  Nexus  
  20  1:32  Cybernetics Core  
  20  1:34  Probe (Chrono Boost)  
  20  1:39  Assimilator  
  21  1:45  Probe (Chrono Boost)  
  22  1:50  Pylon  
  22  1:55  Probe (Chrono Boost)  
  23  2:11  Mothership Core (Chrono Boost)  
  23  2:12  Adept (Chrono Boost), Warp Gate (Chrono Boost)  
  27  2:29  Probe (Chrono Boost)  
  28  2:37  Sentry (Chrono Boost), Probe  
  28  2:39  Pylon  
  28  2:41  Probe  
  32  2:46  Gateway  
  32  2:49  Probe  
  33  2:56  Robotics Facility  
  33  2:59  Probe (Chrono Boost)  
  33  3:02  Probe (Chrono Boost)  
  35  3:10  Probe (Chrono Boost)  
  36  3:13  Probe (Chrono Boost)  
  36  3:14  Gateway  
  37  3:21  Probe (Chrono Boost)  
  37  3:23  Probe (Chrono Boost)  
  41  3:28  Gateway  
  41  3:32  Probe (Chrono Boost)  
  40  3:35  Probe (Chrono Boost)  
  40  3:37  Assimilator  
  40  3:39  Assimilator  
  41  3:43  Probe (Chrono Boost)  
  41  3:47  Robotics Bay  
  42  3:49  Observer (Chrono Boost)  
  42  3:51  Probe  
  42  3:53  Probe  
  45  3:57  Pylon  
  45  4:03  Probe x2  
  49  4:10  Warp Prism (Chrono Boost)  
  49  4:14  Probe  
  49  4:15  Probe  
  51  4:18  Adept  
  51  4:19  Adept  
  51  4:23  Adept  
  57  4:28  Adept  
  60  4:32  Pylon  
  59  4:41  Disruptor (Chrono Boost)  
  62  4:50  Probe  
  63  4:53  Probe  
  64  5:02  Stalker x2  
  64  5:03  Stalker  
  64  5:04  Pylon  
  64  5:06  Pylon  
  70  5:07  Pylon x2  
  70  5:16  Twilight Council  
  70  5:22  Disruptor (Chrono Boost)  
  70  5:23  Pylon  
  70  5:24  Probe  
  70  5:26  Pylon  
  74  5:33  Robotics Facility  
  74  5:53  Disruptor (Chrono Boost)  
  77  5:59  Probe  
  77  6:01  Gravitic Drive (Chrono Boost)  
  78  6:07  Blink (Chrono Boost)  
  78  6:14  Nexus  
  78  6:16  Pylon  
  78  6:18  Stalker x3  
  78  6:19  Pylon  
  87  6:29  Disruptor (Chrono Boost)  
  87  6:30  Disruptor (Chrono Boost)  
  89  6:50  Forge, Pylon  
  89  6:52  Stalker x3  
  95  6:54  Stalker  
  98  7:02  Observer (Chrono Boost)  
  98  7:04  Observer (Chrono Boost)  
  98  7:07  Probe x2  
  101  7:20  Probe  
  102  7:24  Stalker  
  102  7:25  Stalker x3  
  110  7:33  Probe x2  
  112  7:40  Disruptor (Chrono Boost)  
  115  7:45  Probe x2  
  115  7:49  Stalker x4  
  111  8:10  Disruptor (Chrono Boost)  
  111  8:12  Protoss Ground Weapons Level 1 (Chrono Boost)  
  85  8:14  Stalker x3  
  80  8:24  Probe x2  
  80  8:26  Probe  
  83  8:28  Assimilator  
  83  8:29  Assimilator  
  83  8:35  Zealot  
  83  8:38  Probe  
  83  8:39  Probe  
  87  8:41  Warp Prism (Chrono Boost)  
  87  8:43  Disruptor (Chrono Boost)  
  91  8:51  Probe x3  
  94  8:56  Zealot x4  
  94  9:00  Gateway  
  94  9:02  Gateway x2  
  102  9:03  Gateway  
  102  9:08  Pylon  
  102  9:10  Pylon  
  102  9:12  Charge (Chrono Boost)  
  102  9:14  Observer (Chrono Boost)  
  102  9:15  Observer (Chrono Boost)  
  101  9:25  Stalker x4  
  109  9:35  Observer  
  109  9:38  Observer Gravitic Boosters  
  110  9:49  Zealot  
  110  9:50  Zealot x3  
  118  9:53  Pylon  
  118  9:54  Pylon  
  118  10:04  Disruptor  
  121  10:07  Nexus  
  121  10:10  Pylon  
  121  10:12  Pylon  
  121  10:15  Zealot x4  
  111  10:43  Zealot x8  
  111  10:45  Immortal (Chrono Boost)  
  131  11:01  Immortal (Chrono Boost)  
  135  11:23  Immortal (Chrono Boost)  
  137  11:36  Immortal (Chrono Boost), Zealot x7  
  137  11:37  Zealot  
  157  11:47  Templar Archives  
  157  11:57  Immortal (Chrono Boost)  
  161  12:05  Pylon  
  152  12:19  Zealot x2  
  152  12:20  Zealot x2  
  116  12:30  Immortal (Chrono Boost)  
  116  12:31  Immortal (Chrono Boost)  
  99  12:51  High Templar x6  
  100  12:56  Archon x3  
  108  13:01  Nexus  
  108  13:18  Gateway  
  108  13:19  Gateway  
  106  13:29  High Templar x4  
  106  13:30  High Templar x2  
  118  13:35  Archon x3  

Tags
 
Add a new tag
Caveats
  • Supply blocks, unpowered buildings, or Contaminate may cause inaccurate times.
  • Supply counts are checked every 10 seconds.